| TOP OF THE 1ST |
|
Appleton Foxes batting - Pitching for Quincy Cubs : RHP Steve Finch
|
|
Pitching: RHP Steve Finch
|
|
|
Batting: SHB Matt Gallegos
|
0-0: Called Strike 0-1: Foul Ball, location: 2F 0-2: Ball 1-2: SINGLE (Groundball, 6MS, EV 67.5 MPH) (infield hit)
|
|
Batting: LHB John Csefalvay
|
0-0: Ball 1-0: Ball 2-0: SINGLE (Groundball, 34D, EV 95.6 MPH) (infield hit) Matt Gallegos to second
|
|
Batting: RHB Douglas Lulay
|
0-0: Ball 1-0: Fly out, F7 (Flyball, 78XD, EV 98.1 MPH) Runner from 2nd tags up, SAFE at 3rd, no throw by LF
|
|
Batting: RHB Jack Upton
|
0-0: Ball 1-0: Ball 2-0: Grounds into double play, 5-4-3 (Groundball, 56S, EV 87.5 MPH)
|
| Top of the 1st over - 0 runs, 2 hits, 0 errors, 1 left on base; Appleton 0 - Quincy 0 |
| BOTTOM OF THE 1ST |
|
Quincy Cubs batting - Pitching for Appleton Foxes : RHP Mike Trujillo
|
|
Pitching: RHP Mike Trujillo
|
|
|
Batting: RHB George Crum
|
0-0: Ball 1-0: Ball 2-0: Swinging Strike 2-1: Ground out 3-1 (Groundball, 34, EV 85.6 MPH)
|
|
Pitching: RHP John McGuckin
|
|
|
Batting: RHB Jack Ayer
|
0-0: Ball 1-0: Foul Ball, location: 2F 1-1: SINGLE (Groundball, 6D, EV 110.6 MPH)
|
|
Batting: SHB Willie Perez
|
0-0: Foul Ball, location: 2F 0-1: Ball 1-1: Ball 2-1: Foul Ball, location: 2F 2-2: Ball 3-2: Foul Ball, location: 2F 3-2: Foul Ball, location: 2F 3-2: Fly out, F6 (Flyball, 56D, EV 87.5 MPH)
|
|
Batting: RHB Wes Clements
|
0-0: Ball 1-0: Ground out 6-3 (Groundball, 6MS, EV 70.6 MPH)
|
| Bottom of the 1st over - 0 runs, 1 hit, 0 errors, 1 left on base; Appleton 0 - Quincy 0 |
| TOP OF THE 2ND |
|
Appleton Foxes batting - Pitching for Quincy Cubs : RHP Steve Finch
|
|
Batting: RHB Jeffery Carl
|
0-0: Called Strike 0-1: Foul Ball, location: 2F 0-2: SINGLE (Groundball, 34D, EV 97.5 MPH)
|
|
Batting: RHB Victor Mata
|
0-0: Called Strike 0-1: Hit by Pitch Jeffery Carl to second
|
|
Batting: RHB Robert Gilles
|
0-0: Ball 1-0: Swinging Strike 1-1: Swinging Strike 1-2: Strikes out swinging
|
|
Batting: RHB Stan Holmes
|
0-0: Ball 1-0: Called Strike 1-1: SINGLE (Flyball, 34D, EV 94.4 MPH) Jeffery Carl to third Victor Mata to second Runner from 3rd tries for Home, SAFE, throw by RF to home
|
|
Batting: RHB Philip Sutton
|
0-0: Called Strike 0-1: Ground out 5-3 (Groundball, 56S, EV 69.4 MPH) Victor Mata to third Stan Holmes to second
|
|
Batting: SHB Matt Gallegos
|
0-0: Called Strike 0-1: Ball 1-1: Ball 2-1: Ball 3-1: Base on Balls
|
|
Batting: LHB John Csefalvay
|
0-0: Called Strike 0-1: SINGLE (Groundball, 6M, EV 103.1 MPH) Victor Mata scores Stan Holmes to third Matt Gallegos to second Runner from 3rd tries for Home, SAFE, throw by CF to home
|
|
Batting: RHB Douglas Lulay
|
0-0: Called Strike 0-1: 3-RUN HOME RUN (Flyball, 9D, EV 101.9 MPH), Distance : 357 ft
|
|
Batting: RHB Jack Upton
|
0-0: Foul Ball, location: 2F 0-1: Foul Ball, location: 2F 0-2: Ball 1-2: Ball 2-2: Ball 3-2: SOLO HOME RUN (Flyball, 7LD, EV 85.6 MPH), Distance : 363 ft
|
|
Pitching: LHP Brian Duffy
|
|
|
Batting: RHB Jeffery Carl
|
0-0: Fly out, F7 (Line Drive, 7D, EV 85.6 MPH)
|
| Top of the 2nd over - 7 runs, 5 hits, 0 errors, 0 left on base; Appleton 7 - Quincy 0 |
| BOTTOM OF THE 2ND |
|
Quincy Cubs batting - Pitching for Appleton Foxes : RHP John McGuckin
|
|
Batting: LHB Matt Nokes
|
0-0: Ball 1-0: Ball 2-0: Ball 3-0: Called Strike 3-1: Fly out, F8 (Flyball, 8RXD, EV 96.3 MPH)
|
|
Batting: RHB Billy Best
|
0-0: Called Strike 0-1: Ball 1-1: Ball 2-1: Swinging Strike 2-2: Ball 3-2: Foul Ball, location: 2F 3-2: Ground out 4-3 (Groundball, 4, EV 82.5 MPH)
|
|
Batting: RHB Jerry Fry
|
0-0: Called Strike 0-1: Called Strike 0-2: Strikes out swinging
|
| Bottom of the 2nd over - 0 runs, 0 hits, 0 errors, 0 left on base; Appleton 7 - Quincy 0 |
| TOP OF THE 3RD |
|
Appleton Foxes batting - Pitching for Quincy Cubs : LHP Brian Duffy
|
|
Batting: RHB Victor Mata
|
0-0: Ball 1-0: Ball 2-0: Foul Ball, location: 2F 2-1: Ball 3-1: Base on Balls
|
|
Batting: RHB Robert Gilles
|
0-0: Ball 1-0: Foul Ball, location: 2F 1-1: Called Strike 1-2: Strikes out looking
|
|
Batting: RHB Stan Holmes
|
0-0: Swinging Strike 0-1: Foul Ball, location: 2F 0-2: SINGLE (Flyball, 4MD, EV 86.9 MPH) Victor Mata to second
|
|
Batting: RHB Philip Sutton
|
0-0: Ball 1-0: Ball 2-0: Grounds into double play, 4-6-3 (Groundball, 4M, EV 106.3 MPH)
|
| Top of the 3rd over - 0 runs, 1 hit, 0 errors, 1 left on base; Appleton 7 - Quincy 0 |
| BOTTOM OF THE 3RD |
|
Quincy Cubs batting - Pitching for Appleton Foxes : RHP John McGuckin
|
|
Batting: RHB Curt Etchandy
|
0-0: Called Strike 0-1: Swinging Strike 0-2: Ball 1-2: Strikes out looking
|
|
Batting: RHB Garry Keeton
|
0-0: Called Strike 0-1: Ball 1-1: Fly out, F9 (Flyball, 9, EV 78.1 MPH)
|
|
Batting: RHB George Crum
|
0-0: Ball 1-0: Ball 2-0: Foul Ball, location: 2F 2-1: Swinging Strike 2-2: Ball 3-2: SINGLE (Line Drive, 7S, EV 100.6 MPH)
|
|
Batting: RHB Jack Ayer
|
0-0: Ball 1-0: Fielders Choice at 2nd, 5-4 (Groundball, 56, EV 80.6 MPH)
|
| Bottom of the 3rd over - 0 runs, 1 hit, 0 errors, 1 left on base; Appleton 7 - Quincy 0 |
| TOP OF THE 4TH |
|
Appleton Foxes batting - Pitching for Quincy Cubs : LHP Brian Duffy
|
|
Batting: SHB Matt Gallegos
|
0-0: Fly out, F9 (Flyball, 9LM, EV 98.1 MPH)
|
|
Batting: LHB John Csefalvay
|
0-0: Ball 1-0: Ball 2-0: Swinging Strike 2-1: Called Strike 2-2: Ball 3-2: Base on Balls
|
|
Batting: RHB Douglas Lulay
|
0-0: Ball John Csefalvay steals 2nd base 1-0: Ball 2-0: Called Strike 2-1: Foul Ball, location: 2F 2-2: Ball 3-2: Fly out, F9 (Flyball, 9LM, EV 88.8 MPH)
|
|
Batting: RHB Jack Upton
|
0-0: Called Strike 0-1: Ground out 6-3 (Groundball, 56, EV 111.3 MPH)
|
| Top of the 4th over - 0 runs, 0 hits, 0 errors, 1 left on base; Appleton 7 - Quincy 0 |
| BOTTOM OF THE 4TH |
|
Quincy Cubs batting - Pitching for Appleton Foxes : RHP John McGuckin
|
|
Batting: SHB Willie Perez
|
0-0: SINGLE (Line Drive, 7LM, EV 100.0 MPH)
|
|
Pitching: RHP Frederick Atkins
|
|
|
Batting: RHB Wes Clements
|
0-0: Ball 1-0: Ball 2-0: Ball 3-0: Base on Balls Willie Perez to second
|
|
Batting: LHB Matt Nokes
|
0-0: Ball 1-0: Called Strike 1-1: Called Strike 1-2: Strikes out swinging
|
|
Batting: RHB Billy Best
|
0-0: Ball 1-0: Ball 2-0: Fly out, F4 (Popup, 4M, EV 50.6 MPH)
|
|
Batting: RHB Jerry Fry
|
0-0: Ball 1-0: Foul Ball, location: 2F 1-1: Fly out, F4 (Flyball, 4MD, EV 88.1 MPH)
|
| Bottom of the 4th over - 0 runs, 1 hit, 0 errors, 2 left on base; Appleton 7 - Quincy 0 |
| TOP OF THE 5TH |
|
Appleton Foxes batting - Pitching for Quincy Cubs : LHP Brian Duffy
|
|
Batting: RHB Jeffery Carl
|
0-0: Ball 1-0: Swinging Strike 1-1: Called Strike 1-2: Strikes out swinging
|
|
Batting: RHB Victor Mata
|
0-0: Called Strike 0-1: SINGLE (Flyball, 56D, EV 86.9 MPH)
|
|
Batting: RHB Robert Gilles
|
0-0: Ball 1-0: Ball 2-0: Ball 3-0: Called Strike 3-1: Base on Balls Victor Mata to second
|
|
Batting: RHB Stan Holmes
|
0-0: Called Strike 0-1: Ball Wild Pitch! Victor Mata to third Robert Gilles to second 1-1: Ground out 5-3 (Groundball, 56S, EV 66.9 MPH) Victor Mata scores Robert Gilles to third
|
|
Batting: RHB Philip Sutton
|
0-0: Ball 1-0: Ground out 5-3 (Groundball, 56, EV 80.6 MPH)
|
| Top of the 5th over - 1 run, 1 hit, 0 errors, 1 left on base; Appleton 8 - Quincy 0 |
| BOTTOM OF THE 5TH |
|
Quincy Cubs batting - Pitching for Appleton Foxes : RHP Frederick Atkins
|
|
Batting: RHB Curt Etchandy
|
0-0: Called Strike 0-1: Foul Ball, location: 2F 0-2: Foul Ball, location: 2F 0-2: Ball 1-2: Ball 2-2: Strikes out looking
|
|
Batting: RHB Garry Keeton
|
0-0: Ball 1-0: Called Strike 1-1: Ball 2-1: SINGLE (Line Drive, 34D, EV 102.5 MPH)
|
|
Batting: RHB George Crum
|
0-0: Foul Ball, location: 2F 0-1: Foul Ball, location: 2F 0-2: Ball 1-2: Ball 2-2: Foul Ball, location: 2F 2-2: Fly out, F5 (Popup, 56, EV 61.3 MPH)
|
|
Batting: RHB Jack Ayer
|
0-0: Ball Garry Keeton steals 2nd base (no throw) 1-0: Ball 2-0: Called Strike 2-1: Swinging Strike 2-2: Strikes out swinging
|
| Bottom of the 5th over - 0 runs, 1 hit, 0 errors, 1 left on base; Appleton 8 - Quincy 0 |
| TOP OF THE 6TH |
|
Appleton Foxes batting - Pitching for Quincy Cubs : LHP Brian Duffy
|
|
Batting: SHB Matt Gallegos
|
0-0: Fly out, F9 (Flyball, 9D, EV 88.1 MPH)
|
|
Batting: LHB John Csefalvay
|
0-0: Ball 1-0: Ball 2-0: Called Strike 2-1: Ball 3-1: Base on Balls
|
|
Batting: RHB Douglas Lulay
|
0-0: Called Strike 0-1: Foul Ball, location: 2F 0-2: Ball 1-2: Strikes out swinging
|
|
Batting: RHB Jack Upton
|
0-0: Called Strike 0-1: Called Strike 0-2: Foul Ball, location: 2F 0-2: Foul Ball, location: 2F 0-2: Ball 1-2: Fly out, F9 (Flyball, 9LM, EV 100.0 MPH)
|
| Top of the 6th over - 0 runs, 0 hits, 0 errors, 1 left on base; Appleton 8 - Quincy 0 |
| BOTTOM OF THE 6TH |
|
Quincy Cubs batting - Pitching for Appleton Foxes : RHP Frederick Atkins
|
|
Batting: SHB Willie Perez
|
0-0: Ball 1-0: DOUBLE (Line Drive, 78D, EV 105.6 MPH)
|
|
Batting: RHB Wes Clements
|
0-0: Ball 1-0: Foul Ball, location: 2F 1-1: Reaches on Catchers interference
|
|
Pitching: RHP Gary Frank
|
|
|
Batting: LHB Matt Nokes
|
0-0: SINGLE (Line Drive, 8RM, EV 98.1 MPH) Willie Perez to third Wes Clements to second
|
|
Batting: RHB Billy Best
|
0-0: Foul Ball, location: 2F 0-1: Swinging Strike 0-2: Ball 1-2: Strikes out swinging
|
|
Batting: RHB Jerry Fry
|
0-0: Ball 1-0: Ball 2-0: Called Strike 2-1: Foul Ball, location: 2F 2-2: GRAND SLAM HOME RUN (Flyball, 7LD, EV 103.1 MPH), Distance : 371 ft
|
|
Batting: RHB Curt Etchandy
|
0-0: SINGLE (Groundball, 56S, EV 61.3 MPH) (infield hit)
|
|
Batting: RHB Garry Keeton
|
0-0: Ball 1-0: Ball 2-0: Fly out, F8 (Flyball, 8RM, EV 83.8 MPH)
|
|
Batting: RHB George Crum
|
0-0: Called Strike 0-1: Ball 1-1: Called Strike 1-2: Ball 2-2: Foul Ball, location: 2F 2-2: Foul Ball, location: 2F 2-2: Ball 3-2: Base on Balls Curt Etchandy to second
|
|
Batting: RHB Jack Ayer
|
0-0: Called Strike 0-1: Fielders Choice at 2nd, 6-4 (Groundball, 56, EV 88.8 MPH)
|
| Bottom of the 6th over - 4 runs, 4 hits, 1 error, 2 left on base; Appleton 8 - Quincy 4 |
| TOP OF THE 7TH |
|
Appleton Foxes batting - Pitching for Quincy Cubs : LHP Brian Duffy
|
|
Batting: RHB Jeffery Carl
|
0-0: Ball 1-0: Ball 2-0: Called Strike 2-1: Swinging Strike 2-2: Ball 3-2: Base on Balls
|
|
Pitching: LHP Stephen Gelfarb
|
|
|
Batting: RHB Victor Mata
|
0-0: Called Strike Jeffery Carl is caught stealing 2nd base 2-4 0-1: Ball 1-1: Ball 2-1: Fly out, F8 (Line Drive, 8RD, EV 93.1 MPH)
|
|
Batting: RHB Robert Gilles
|
0-0: Ball 1-0: Ball 2-0: Ball 3-0: Called Strike 3-1: Foul Ball, location: 2F 3-2: Fly out, F3 (Popup, 23F, EV 80.6 MPH)
|
| Top of the 7th over - 0 runs, 0 hits, 0 errors, 0 left on base; Appleton 8 - Quincy 4 |
| BOTTOM OF THE 7TH |
|
Quincy Cubs batting - Pitching for Appleton Foxes : RHP Gary Frank
|
|
Batting: SHB Willie Perez
|
0-0: Called Strike 0-1: Called Strike 0-2: SINGLE (Groundball, 56D, EV 93.8 MPH)
|
|
Batting: RHB Wes Clements
|
0-0: Ball 1-0: Called Strike 1-1: Ball 2-1: Called Strike 2-2: Foul Ball, location: 2F 2-2: Foul Ball, location: 2F 2-2: Strikes out looking
|
|
Batting: LHB Matt Nokes
|
0-0: Ball 1-0: Called Strike 1-1: Ball 2-1: Ball 3-1: Base on Balls Willie Perez to second
|
|
Batting: RHB Billy Best
|
0-0: Ball 1-0: Ball 2-0: Called Strike 2-1: Ball 3-1: Called Strike 3-2: Grounds into double play, 6-4-3 (Groundball, 6, EV 110.0 MPH)
|
| Bottom of the 7th over - 0 runs, 1 hit, 0 errors, 1 left on base; Appleton 8 - Quincy 4 |
| TOP OF THE 8TH |
|
Appleton Foxes batting - Pitching for Quincy Cubs : LHP Stephen Gelfarb
|
|
Batting: RHB Stan Holmes
|
0-0: Foul Ball, location: 2F 0-1: SINGLE (Line Drive, 3D, EV 99.4 MPH)
|
|
Batting: RHB Philip Sutton
|
0-0: Bunted foul 0-1: Bunt missed! 0-2: Ball 1-2: Ball 2-2: Ball 3-2: Base on Balls Stan Holmes to second
|
|
Batting: SHB Matt Gallegos
|
0-0: Sac Bunt to 15S - play at first, batter OUT! 1-3 Stan Holmes to third Philip Sutton to second
|
|
Batting: LHB John Csefalvay
|
0-0: Ball 1-0: Ball 2-0: Ball 3-0: Called Strike 3-1: Base on Balls
|
|
Batting: RHB Douglas Lulay
|
0-0: Grounds into fielders choice 5-2 (Groundball, 5L, EV 89.4 MPH) Philip Sutton to third John Csefalvay to second
|
|
Batting: RHB Jack Upton
|
0-0: Called Strike 0-1: Called Strike 0-2: Ball 1-2: Ball 2-2: Foul Ball, location: 2F 2-2: Ball 3-2: Base on Balls Philip Sutton scores John Csefalvay to third Douglas Lulay to second
|
|
Batting: RHB Jeffery Carl
|
0-0: Foul Ball, location: 2F 0-1: Ball 1-1: GRAND SLAM HOME RUN (Flyball, 7D, EV 96.9 MPH), Distance : 370 ft
|
|
Pitching: RHP Michael Untisz
|
|
|
Batting: RHB Victor Mata
|
0-0: Called Strike 0-1: Ball 1-1: Called Strike 1-2: Fly out, F1 (Line Drive, P, EV 70.0 MPH)
|
| Top of the 8th over - 5 runs, 2 hits, 0 errors, 0 left on base; Appleton 13 - Quincy 4 |
| BOTTOM OF THE 8TH |
|
Quincy Cubs batting - Pitching for Appleton Foxes : RHP Gary Frank
|
|
Batting: RHB Jerry Fry
|
0-0: Called Strike 0-1: Ball 1-1: Ball 2-1: Ball 3-1: SINGLE (Groundball, 6S, EV 70.6 MPH) (infield hit)
|
|
Batting: RHB Curt Etchandy
|
0-0: Swinging Strike 0-1: Called Strike 0-2: Fly out, F8 (Flyball, 78XD, EV 90.0 MPH)
|
|
Batting: RHB Garry Keeton
|
0-0: Ball 1-0: Ball 2-0: Ball 3-0: Called Strike 3-1: Base on Balls Jerry Fry to second
|
|
Pinch Hitting: RHB Ed Berroa
|
0-0: Ball 1-0: Foul Ball, location: 2F 1-1: Swinging Strike 1-2: Foul Ball, location: 2F 1-2: Ball 2-2: Strikes out swinging
|
|
Batting: RHB Jack Ayer
|
0-0: Called Strike 0-1: DOUBLE (Line Drive, 7LM, EV 106.9 MPH) Jerry Fry scores Garry Keeton to third Runner from 3rd tries for Home, SAFE, no throw by LF
|
|
Batting: SHB Willie Perez
|
0-0: SINGLE (Groundball, 34D, EV 97.5 MPH) Jack Ayer to third Runner from 3rd tries for Home, SAFE, throw by RF to home
|
|
Pitching: RHP James Laughton
|
|
|
Batting: RHB Wes Clements
|
0-0: Foul Ball, location: 2F 0-1: Fly out, F9 (Flyball, 9LS, EV 90.6 MPH)
|
| Bottom of the 8th over - 3 runs, 3 hits, 0 errors, 1 left on base; Appleton 13 - Quincy 7 |
| TOP OF THE 9TH |
|
Appleton Foxes batting - Pitching for Quincy Cubs : RHP Michael Untisz
|
|
Now in LF: Ed Berroa
|
|
|
Batting: RHB Robert Gilles
|
0-0: Ball 1-0: Called Strike 1-1: Foul Ball, location: 2F 1-2: Foul Ball, location: 2F 1-2: SINGLE (Line Drive, 56D, EV 103.8 MPH)
|
|
Batting: RHB Stan Holmes
|
0-0: Ball Robert Gilles steals 2nd base 1-0: Ball 2-0: Called Strike 2-1: Called Strike 2-2: Ball 3-2: Strikes out swinging
|
|
Batting: RHB Philip Sutton
|
0-0: Swinging Strike 0-1: Foul Ball, location: 2F 0-2: Strikes out looking
|
|
Batting: SHB Matt Gallegos
|
0-0: Ball 1-0: SINGLE (Line Drive, 8RM, EV 100.6 MPH) Robert Gilles to third Runner from 3rd tries for Home, SAFE, no throw by CF
|
|
Batting: LHB John Csefalvay
|
0-0: Called Strike 0-1: Ball 1-1: Ball 2-1: Ground out 4-3 (Groundball, 34, EV 96.9 MPH)
|
| Top of the 9th over - 1 run, 2 hits, 0 errors, 1 left on base; Appleton 14 - Quincy 7 |
| BOTTOM OF THE 9TH |
|
Quincy Cubs batting - Pitching for Appleton Foxes : RHP James Laughton
|
|
Batting: LHB Matt Nokes
|
0-0: Called Strike 0-1: Fly out, F9 (Line Drive, 9, EV 105.6 MPH)
|
|
Batting: RHB Billy Best
|
0-0: Ball 1-0: Ball 2-0: Called Strike 2-1: Fly out, F9 (Flyball, 9LM, EV 98.8 MPH)
|
|
Batting: RHB Jerry Fry
|
0-0: Called Strike 0-1: Ball 1-1: Swinging Strike 1-2: Ball 2-2: Foul Ball, location: 2F 2-2: Foul Ball, location: 2F 2-2: Foul Ball, location: 2F 2-2: Ball 3-2: Base on Balls
|
|
Batting: RHB Curt Etchandy
|
0-0: Foul Ball, location: 2F 0-1: Swinging Strike 0-2: Ball 1-2: Ball 2-2: Strikes out looking
|
| Bottom of the 9th over - 0 runs, 0 hits, 0 errors, 1 left on base; Appleton 14 - Quincy 7 |
|